 Dungeon Sprint DCSS version 0.30-a0-728-gc68057be0a (webtiles) character file.

Game seed: 13086247332508283014

56 rocky1 the Fencer (level 9, -10/75 HPs)
             Began as a Merfolk Gladiator on Feb 1, 2023.
             Was an Initiate of Gozag.
             Killed from afar by a deep elf zephyrmancer (28 damage)
             ... with a bolt of lightning
             ... in the Dungeon (Sprint VI: "Thunderdome").
             The game lasted 00:07:00 (526 turns).

rocky1 the Fencer (Merfolk Gladiator)                Turns: 526, Time: 00:07:01

Health: -10/75     AC:  4    Str: 14    XL:     9   Next: 69%
Magic:  9/9        EV: 23    Int: 19    God:    Gozag
Gold:   1000       SH:  0    Dex: 25    Spells: 8/8 levels left

rFire   . . .      SeeInvis .    a - +0 long sword
rCold   . . .      Faith    .    (no shield)
rNeg    . . .      Spirit   .    b - +0 leather armour
rPois   .          Reflect  .    c - +0 helmet
rElec   .          Harm     .    (no cloak)
rCorr   .          Rampage  .    (no gloves)
Will    +....      NoTele   +    (no boots)
Stlth   ++                       s - amulet of the Madman {RegenMP Dex+2}
HPRegen 0.32/turn                q - ring of the Eagle {Will+ Int+6}
MPRegen 0.51/turn                r - ring "Wustenics" {Int+3 Dex+6}

@: no status effects
A: (nimble swimmer 2), mertail
a: Renounce Religion, Potion Petition, Call Merchant, Bribe Branch


You were in the Dungeon.
You worshipped Gozag.
Gozag was most pleased with you.
You visited 1 branch You collected 1135 gold pieces.
You spent 135 gold pieces at shops.

Inventory:

Hand Weapons
 a - a +0 long sword (weapon)
Missiles
 d - 2 throwing nets (quivered)
 e - a javelin
Armour
 b - a +0 leather armour (worn)
 c - a +0 helmet (worn)
Jewellery
 q - the ring of the Eagle (left hand) {Will+ Int+6}
   (You bought it in a shop in the Dungeon)

   [ring of intelligence]

   Int:       It affects your intelligence (+6).
   Will:      It increases your willpower.
 r - the ring "Wustenics" (right hand) {Int+3 Dex+6}
   (You bought it in a shop in the Dungeon)

   [ring of dexterity]

   Int:       It affects your intelligence (+3).
   Dex:       It affects your dexterity (+6).
 s - the amulet of the Madman (around neck) {RegenMP Dex+2}
   (You bought it in a shop in the Dungeon)

   [amulet of magic regeneration]

   It increases your rate of magic regeneration.
   Dex:       It affects your dexterity (+2).
Wands
 n - a wand of flame (6)
 p - a wand of polymorph (12)
Scrolls
 k - 3 scrolls of blinking
 o - 3 scrolls of fog
Potions
 h - 4 potions of haste
 i - 2 potions of magic
 l - a potion of resistance


   Skills:
 - Level 8.5 Fighting
 * Level 19.7 Long Blades
 - Level 3.9 Throwing
 - Level 4.9 Armour
 - Level 12.7 Dodging
 - Level 1.0 Evocations


You had 8 spell levels left.
You didn't know any spells.
Your spell library was empty.

Dungeon Overview and Level Annotations

Branches:
Dungeon (1/1)

Altars:
Cheibriados
Dithmenos
Fedhas
Gozag
Kikubaaqudgha
Makhleb
Okawaru
Qazlal
Ru
Sif Muna
Trog
Uskayaw
Vehumet
Wu Jian
Xom
Yredelemnul
Zin
The Shining One
Lugonu

Shops:
D *[??*?*:[((!!!!


Innate Abilities, Weirdness & Mutations

((You are very nimble when in or above water. (Stealth+, EV+, Speed+++)))
Your lower body shifts to a powerful aquatic tail in water.


Message History

The deep elf zephyrmancer mumbles some strange words.
The deep elf zephyrmancer blinks!
The deep elf zephyrmancer closely misses you.
You slash the deep elf zephyrmancer!
The deep elf zephyrmancer is almost dead.
You hit the deep elf zephyrmancer.
The deep elf zephyrmancer is almost dead.
The deep elf zephyrmancer casts a spell.
The deep elf zephyrmancer blinks!
The deep elf zephyrmancer casts a spell at you.
The bolt of lightning misses you.
You slice the deep elf zephyrmancer!!
You kill the deep elf zephyrmancer!
Your Long Blades skill increases to level 19!
No target in view!
No target in view!
You now have 1000 gold pieces (gained 45).
Things that are here:
a +0 rapier; a +0 leather armour The deep elf zephyrmancer casts a spell.
The deep elf zephyrmancer blinks!
No target in view!
No target in view!
No target in view! 20...
The deep elf zephyrmancer casts a spell.
The deep elf zephyrmancer blinks!
The deep elf zephyrmancer gestures at you while chanting.
The bolt of lightning hits you!!!
* * * LOW HITPOINT WARNING * * *
You are too injured to fight recklessly!
You are too injured to fight recklessly!
You feel better. 15...
You slash the deep elf zephyrmancer!
The deep elf zephyrmancer is almost dead.
The deep elf zephyrmancer points at you and mumbles some strange words.
The bolt of lightning hits you!!
You die...
Your body crumbles into a pile of gold.

#_......._# #_......._#
###...e.....### #⌠...........⌠#
######.8.........8.######
##.__..[....###......___∩##
###∩....)...8.# #.8........∩###
##............e###.............#
#⌠.)........###@..###..........⌠
#⌠..........# #.<.# #..........⌠
#⌠..........###...###..........⌠
##.............###...))........#
###∩........8.# #.8........∩###
##∩___......###.)....__.∩##
######.8.......[.8.######
#⌠..)......[.⌠# ###....)....###


You could see a deep elf zephyrmancer.

Vanquished Creatures
  Pikel (D)
  2 deep elf zephyrmancers (D)
  2 deep elf pyromancers (D)
  Sigmund (D)
  A black bear (D)
  Jessica (D)
  Ijyb (D)
  Terence (D)
  An ufetubus (D)
  A goblin (D)
  3 hobgoblins (D)
  A kobold (D)
16 creatures vanquished.

Vanquished Creatures (others)
  A deep elf pyromancer (D)
1 creature vanquished.

Grand Total: 17 creatures vanquished

Notes
Turn   | Place    | Note
-------+----------+-------------------------------------------
     0 | D        | rocky1 the Merfolk Gladiator began the quest for the Orb.
     0 | D        | Reached XP level 1. HP: 16/16 MP: 1/1
     4 | D        | Found a shadowy altar of Dithmenos.
     4 | D        | Found a snail-covered altar of Cheibriados.
     5 | D        | Found a bloodstained altar of Trog.
     5 | D        | Found a blossoming altar of Fedhas.
     5 | D        | Round 1.
     6 | D        | Found a sacrificial altar of Ru.
     7 | D        | Found Voisk's Do-It-Yourself Clinic.
     7 | D        | Found a shimmering blue altar of Sif Muna.
     7 | D        | Found an opulent altar of Gozag.
     7 | D        | Found Doalu's Distillery.
     8 | D        | Found Xekh's Bottled Wisdom.
     8 | D        | Found Cuorot's Distillery.
    10 | D        | Found a radiant altar of Vehumet.
    14 | D        | Became a worshipper of Gozag Ym Sagoz the Greedy
    20 | D        | Noticed Sigmund
    24 | D        | Killed Sigmund
    25 | D        | Reached skill level 8 in Long Blades
    25 | D        | Reached skill level 1 in Evocations
    25 | D        | Reached XP level 2. HP: 26/26 MP: 2/2
    25 | D        | Reached XP level 3. HP: 31/31 MP: 3/3
    25 | D        | Reached XP level 4. HP: 38/38 MP: 4/4
    25 | D        | Reached XP level 5. HP: 43/43 MP: 5/5
    31 | D        | Found an iron altar of Okawaru.
    31 | D        | Noticed Jessica
    33 | D        | Found Zaro's Weapon Rack.
    34 | D        | Found an ornate altar of the Wu Jian Council.
    34 | D        | Found Mexasche's Premium Goods.
    34 | D        | Found Ulaulyi's Basic Armour.
    34 | D        | Found Xirchoegg's Miscellaneous Merchandise.
    35 | D        | Killed Jessica
    36 | D        | Reached skill level 9 in Long Blades
    37 | D        | Reached skill level 1 in Armour
    56 | D        | Found a stormy altar of Qazlal.
    57 | D        | Found a basalt altar of Yredelemnul.
    58 | D        | Found a shimmering altar of Xom.
    59 | D        | Found Gyzebril's Identification Station.
    59 | D        | Found a glowing golden altar of the Shining One.
    59 | D        | Found a hide-covered altar of Uskayaw.
    60 | D        | Found Bushrojo's Advanced Armour.
    60 | D        | Found Miebut's Jewellery.
    63 | D        | Found a corrupted altar of Lugonu.
    64 | D        | Found an ancient bone altar of Kikubaaqudgha.
    66 | D        | Found a glowing silver altar of Zin.
    66 | D        | Found a burning altar of Makhleb.
    66 | D        | Found Vototz's Magic Scroll Shop.
    66 | D        | Found Alumegeo's Staff Store.
    67 | D        | Found Huufen's Magic Scroll Shop.
    67 | D        | Found Miehogeq's Must-Have Magic.
    82 | D        | Noticed Terence
    88 | D        | Killed Terence
    89 | D        | Reached skill level 5 in Fighting
   102 | D        | Noticed a black bear
   116 | D        | HP: 1/44 [black bear (2)]
   118 | D        | Killed a black bear
   118 | D        | Arena points: 14 (+14) [x2]
   119 | D        | Reached skill level 10 in Long Blades
   119 | D        | Reached skill level 10 in Dodging
   119 | D        | Reached XP level 6. HP: 2/52 MP: 6/6
   140 | D        | Bought a flickering bronze ring for 45 gold pieces
   140 | D        | Identified the ring of the Eagle {Will+ Int+6} (You bought
                  | it in a shop in the Dungeon)
   140 | D        | Bought a scorched wooden ring for 45 gold pieces
   140 | D        | Identified the ring "Wustenics" {Int+3 Dex+6} (You bought
                  | it in a shop in the Dungeon)
   140 | D        | Bought a glittering crystal amulet for 45 gold pieces
   140 | D        | Identified the amulet of the Madman {RegenMP Dex+2} (You
                  | bought it in a shop in the Dungeon)
   183 | D        | Round 2.
   249 | D        | Noticed Pikel
   257 | D        | Noticed Ijyb
   265 | D        | Killed Ijyb
   275 | D        | Killed Pikel
   276 | D        | Reached skill level 12 in Long Blades
   276 | D        | Reached XP level 7. HP: 39/61 MP: 7/7
   286 | D        | Arena points: 56 (+42) [x3]
   359 | D        | Round 3.
   365 | D        | Noticed a deep elf pyromancer
   373 | D        | Killed a deep elf pyromancer
   374 | D        | Reached skill level 13 in Long Blades
   374 | D        | Reached XP level 8. HP: 68/69 MP: 8/8
   384 | D        | Noticed a deep elf zephyrmancer
   411 | D        | Killed a deep elf zephyrmancer
   412 | D        | Reached skill level 16 in Long Blades
   425 | D        | Noticed a deep elf pyromancer
   435 | D        | Noticed a deep elf pyromancer
   445 | D        | Killed a deep elf pyromancer
   446 | D        | Reached skill level 17 in Long Blades
   446 | D        | Reached XP level 9. HP: 59/75 MP: 9/9
   447 | D        | Killed a deep elf pyromancer
   448 | D        | Reached skill level 18 in Long Blades
   457 | D        | Noticed a deep elf zephyrmancer
   486 | D        | Noticed a deep elf zephyrmancer
   512 | D        | Killed a deep elf zephyrmancer
   513 | D        | Reached skill level 19 in Long Blades
   526 | D        | Killed from afar by a deep elf zephyrmancer

Illustrated notes

Levels and vault maps discovered:
D:        arena_sprint

Skill      XL: |  1  2  3  4  5  6  7  8  9 |
---------------+----------------------------+-----
Fighting       | 4 5 7 8 |  8.5
Long Blades    | 8 10 12 13 17 19 | 19.7
Throwing       | 3 |  3.9
Dodging        | 9 10 12 | 12.7
Evocations     | 1 |  1.0
Armour         | 2 4 |  4.9

Action                     |  1- 3 |  4- 6 |  7- 9 || total
---------------------------+-------+-------+-------++-------
  Melee: Long sword        |       |    35 |    45 ||    80
         Punch             |       |     2 |     1 ||     3
  Throw: Throwing net      |       |     1 |       ||     1
  Evoke: Wand              |     3 |     6 |     1 ||    10
    Use: Scroll            |       |     1 |       ||     1
         Potion            |       |       |     6 ||     6
   Stab: Invisible         |       |     3 |     1 ||     4
         Held in net/web   |       |     1 |       ||     1
 Armour: Leather armour    |       |    10 |     1 ||    11
  Dodge: Dodged            |     1 |    23 |    21 ||    45

Table legend: (Time is in decaauts)
 A = Elapsed time spent in this place.
 B = Non-inter-level travel time spent in this place.
 C = Inter-level travel time spent in this place.
 D = Time resting spent in this place.
 E = Time spent auto-exploring this place.
 F = Levels seen in this place.
 G = Mean time per level.
                   A        B        C        D        E       F      G
               +--------+--------+--------+--------+--------+-----+--------+
         Total |    519 |    519 |      0 |    205 |      0 |   1 |  519.0 |
       Dungeon |    519 |    519 |      0 |    205 |      0 |   1 |  519.0 |
               +--------+--------+--------+--------+--------+-----+--------+

Top non-repeatable levels by time:
       D: 519 daAuts
